Map: Blackburn LE

Players

Ranger

  • Race: Protoss Protoss
  • League: Grandmaster

Probe - Winner!

  • Race: Protoss Protoss

Event: DreamHack SC2 Masters 2021 Summer

VOD

Have the link to the VOD?

Description

Time

  • Played on: May 21, 2021, 4:33 a.m.
  • Length: 13:26

All games in this series

Show
View Real Time Build Order
Export as new Build Order

Ranger Protoss 

Build Orders: Oracle Opening 

Get SALT Encoding   

  12  0:00  Probe  
  13  0:12  Probe  
  14  0:19  Pylon  
  14  0:24  Probe (Chrono Boost)  
  15  0:38  Probe (Chrono Boost), Gateway  
  16  0:46  Probe (Chrono Boost)  
  16  0:47  Assimilator  
  17  0:52  Probe  
  18  1:04  Probe  
  18  1:10  Assimilator  
  19  1:17  Probe  
  20  1:26  Zealot, Cybernetics Core  
  20  1:29  Probe  
  23  1:33  Pylon  
  23  1:42  Pylon  
  23  1:51  Probe  
  24  2:02  Adept (Chrono Boost)  
  24  2:08  Stargate  
  26  2:17  Cybernetics Core  
  26  2:20  Probe  
  27  2:30  Adept  
  26  2:53  Oracle (Chrono Boost), Nexus  
  29  3:03  Stalker  
  31  3:12  Pylon  
  31  3:29  Gateway  
  31  3:30  Probe, Warp Gate  
  32  3:42  Probe  
  33  3:54  Probe (Chrono Boost)  
  34  3:57  Twilight Council  
  34  4:06  Probe (Chrono Boost)  
  34  4:07  Probe (Chrono Boost)  
  36  4:11  Forge  
  36  4:15  Probe (Chrono Boost)  
  36  4:16  Probe (Chrono Boost)  
  38  4:20  Probe (Chrono Boost), Sentry  
  41  4:24  Probe  
  41  4:31  Blink (Chrono Boost)  
  42  4:32  Probe  
  42  4:36  Probe  
  44  4:38  Protoss Ground Weapons Level 1  
  44  4:44  Gateway  
  44  4:45  Probe  
  45  4:49  Probe  
  46  4:57  Probe  
  46  4:59  Shield Battery  
  47  5:01  Probe, Pylon  
  48  5:09  Probe  
  48  5:14  Probe  
  50  5:15  Assimilator  
  50  5:20  Stalker  
  52  5:22  Gateway, Stalker  
  52  5:24  Probe  
  52  5:26  Probe  
  56  5:33  Robotics Facility  
  56  5:36  Probe  
  57  5:42  Stalker  
  59  5:52  Probe  
  60  5:59  Pylon  
  60  6:03  Nexus  
  60  6:04  Robotics Facility  
  60  6:05  Pylon  
  60  6:17  Stalker x2  
  60  6:18  Stalker  
  66  6:19  Sentry  
  66  6:22  Observer (Chrono Boost)  
  66  6:24  Probe x2  
  67  6:36  Probe x2  
  69  6:40  Gateway  
  69  6:41  Gateway  
  69  6:42  Protoss Ground Weapons Level 2 (Chrono Boost)  
  69  6:46  Charge, Shield Battery  
  69  6:47  Stalker  
  69  6:48  Probe  
  69  6:49  Probe  
  74  7:01  Probe  
  74  7:02  Probe  
  75  7:13  Probe  
  75  7:15  Immortal  
  80  7:16  Probe x2  
  82  7:25  Probe, Assimilator  
  82  7:26  Robotics Bay  
  82  7:28  Probe x2  
  85  7:31  Zealot x2  
  89  7:37  Probe, Pylon  
  89  7:38  Photon Cannon  
  90  7:48  Stalker  
  92  7:53  Pylon  
  92  7:55  Pylon  
  92  7:57  Pylon  
  92  8:02  Gateway  
  92  8:03  Gateway  
  92  8:12  Nexus  
  92  8:14  Pylon  
  92  8:15  Disruptor x2  
  98  8:22  Zealot x3  
  98  8:25  Probe x2, Assimilator  
  106  8:33  Shield Battery  
  106  8:37  Photon Cannon, Stalker  
  108  8:42  Pylon  
  108  8:46  Pylon  
  106  8:52  Disruptor (Chrono Boost)  
  106  8:53  Zealot x2  
  110  8:57  Disruptor (Chrono Boost)  
  110  8:58  Zealot x2  
  99  9:04  Zealot x2  
  95  9:10  Stalker x2  
  95  9:16  Zealot  
  91  9:23  Zealot  
  91  9:24  Zealot x2  
  95  9:25  Disruptor (Chrono Boost)  
  95  9:26  Zealot  
  91  9:31  Zealot  
  91  9:34  Zealot x2  
  95  9:42  Zealot  
  85  9:47  Zealot  
  85  9:48  Disruptor (Chrono Boost), Zealot x3  
  91  9:58  Zealot x2  
  95  10:01  Zealot  
  95  10:04  Assimilator  
  95  10:06  Zealot  
  99  10:11  Zealot x3  
  99  10:13  Zealot  
  105  10:17  Disruptor  
  96  10:23  Zealot x2  
  96  10:25  Zealot  
  85  10:33  Zealot x2  
  85  10:34  Probe (Chrono Boost)  
  78  10:37  Probe (Chrono Boost)  
  78  10:39  Probe (Chrono Boost)  
  77  10:42  Probe (Chrono Boost)  
  77  10:46  Probe (Chrono Boost)  
  74  10:51  Probe (Chrono Boost)  
  74  10:54  Pylon  
  74  10:55  Zealot  
  74  10:58  Templar Archives, Zealot  
  74  11:01  Zealot  
  74  11:03  Probe  
  78  11:05  Disruptor (Chrono Boost)  
  81  11:12  Probe  
  81  11:13  Probe  
  84  11:19  Probe  
  84  11:21  Observer (Chrono Boost)  
  84  11:24  Probe  
  86  11:28  Probe  
  87  11:33  Disruptor (Chrono Boost)  
  87  11:36  High Templar x2  
  87  11:37  High Templar x2  
  87  11:38  High Templar x2  
  87  11:39  Zealot  
  104  11:40  Zealot  
  104  11:42  Archon x3  
  105  11:50  Photon Cannon, Disruptor (Chrono Boost)  
  106  11:58  Photon Cannon  
  99  12:12  Stalker x2  
  99  12:13  Stalker  
  99  12:15  Probe  
  99  12:20  Probe  
  100  12:24  Probe  
  100  12:27  Probe  
  100  12:28  Photon Cannon  
  102  12:30  Pylon  
  102  12:32  Probe  
  100  12:41  Zealot x2  
  100  12:42  Zealot  
  65  12:54  Zealot x2  
  65  12:57  Zealot  
Show
View Real Time Build Order
Export as new Build Order

Probe Protoss - Winner!

Build Orders:  

Get SALT Encoding   

  12  0:00  Probe  
  13  0:12  Probe  
  14  0:19  Pylon  
  14  0:24  Probe  
  15  0:37  Probe (Chrono Boost)  
  15  0:39  Gateway  
  16  0:47  Probe (Chrono Boost), Assimilator  
  17  0:52  Probe (Chrono Boost)  
  18  0:59  Assimilator  
  18  1:04  Probe (Chrono Boost)  
  19  1:08  Pylon  
  19  1:16  Probe (Chrono Boost)  
  20  1:21  Probe (Chrono Boost)  
  21  1:28  Cybernetics Core  
  21  1:30  Probe  
  22  1:34  Zealot  
  24  1:42  Probe  
  25  1:54  Probe  
  26  2:04  Stalker (Chrono Boost)  
  26  2:06  Probe, Warp Gate  
  29  2:09  Pylon  
  29  2:18  Probe  
  30  2:26  Stalker (Chrono Boost)  
  32  2:31  Probe  
  33  2:43  Probe  
  34  2:47  Gateway  
  34  2:48  Shield Battery  
  34  3:00  Nexus  
  34  3:04  Sentry  
  36  3:10  Shield Battery  
  36  3:13  Probe  
  37  3:23  Forge  
  37  3:25  Probe  
  38  3:34  Twilight Council  
  38  3:38  Probe  
  38  3:50  Probe  
  39  3:57  Protoss Ground Weapons Level 1 (Chrono Boost)  
  39  4:01  Pylon  
  39  4:05  Gateway  
  39  4:06  Gateway  
  39  4:11  Probe (Chrono Boost)  
  39  4:15  Blink (Chrono Boost)  
  40  4:17  Sentry  
  40  4:20  Probe (Chrono Boost)  
  43  4:26  Probe (Chrono Boost)  
  43  4:31  Probe (Chrono Boost)  
  45  4:33  Probe (Chrono Boost)  
  45  4:37  Probe  
  46  4:43  Robotics Facility  
  46  4:45  Sentry  
  49  4:49  Probe x2 (Chrono Boost)  
  51  4:56  Stalker  
  51  4:59  Stalker  
  56  5:01  Probe (Chrono Boost)  
  56  5:02  Probe (Chrono Boost)  
  56  5:04  Pylon  
  57  5:10  Probe  
  57  5:11  Probe  
  57  5:13  Pylon  
  59  5:16  Pylon, Assimilator  
  59  5:17  Stalker  
  61  5:31  Nexus  
  61  5:34  Phoenix  
  61  5:39  Observer  
  61  5:41  Probe x2  
  64  5:44  Stalker x2  
  68  5:51  Pylon  
  68  5:52  Stalker  
  68  5:53  Stalker  
  68  5:57  Probe  
  73  6:00  Protoss Ground Weapons Level 2 (Chrono Boost)  
  73  6:05  Probe  
  73  6:09  Probe  
  75  6:14  Stalker  
  75  6:16  Stalker  
  75  6:17  Probe  
  54  6:18  Phoenix  
  80  6:20  Shield Battery  
  80  6:21  Probe  
  81  6:28  Stalker  
  81  6:29  Probe  
  84  6:34  Gateway  
  84  6:35  Gateway  
  84  6:37  Probe, Charge (Chrono Boost)  
  85  6:43  Probe  
  87  6:47  Probe  
  87  6:49  Probe  
  87  6:50  Gateway  
  87  6:53  Gateway  
  88  6:55  Probe  
  88  6:59  Probe  
  90  7:02  Gateway  
  90  7:05  Gateway  
  90  7:08  Warp Prism  
  90  7:15  Stalker x2  
  96  7:17  Stalker  
  98  7:22  Pylon  
  98  7:23  Pylon  
  98  7:32  Nexus  
  98  7:35  Pylon  
  98  7:36  Probe  
  98  7:37  Probe  
  100  7:38  Probe  
  100  7:41  Stalker  
  100  7:43  Phoenix  
  103  7:47  Photon Cannon  
  103  7:49  Probe  
  104  7:58  Photon Cannon  
  104  8:00  Stalker x3  
  110  8:06  Stalker x2  
  114  8:14  Zealot x3  
  114  8:16  Zealot  
  122  8:31  Zealot x3  
  122  8:32  Zealot x3  
  132  8:35  Pylon  
  132  8:37  Pylon  
  130  8:48  Zealot  
  130  8:49  Zealot x3  
  130  9:00  Zealot x5  
  108  9:09  Stalker x3  
  100  9:13  Zealot  
  100  9:14  Zealot  
  98  9:20  Stalker x2  
  98  9:29  Dark Shrine  
  98  9:31  Zealot x3  
  91  9:39  Protoss Ground Weapons Level 3 (Chrono Boost)  
  91  9:43  Zealot x5  
  99  9:53  Probe x3, Assimilator  
  102  10:05  Probe x2, Zealot x5  
  108  10:15  Probe  
  108  10:17  Zealot x5  
  116  10:26  Zealot x3  
  116  10:30  Zealot  
  116  10:31  Zealot  
  111  10:40  Zealot x5  
  99  10:48  Templar Archives  
  97  10:54  Shield Battery x2  
  97  10:55  Shield Battery  
  97  11:02  Zealot  
  97  11:03  Zealot x4  
  104  11:04  Observer (Chrono Boost)  
  102  11:13  Dark Templar x3  
  108  11:22  Warp Prism (Chrono Boost)  
  110  11:26  High Templar x3  
  110  11:27  High Templar  
  110  11:30  Zealot x3  
  124  11:34  Archon  
  124  11:43  Archon  
  124  11:47  High Templar x2, Zealot  
  124  11:51  Photon Cannon  
  124  11:54  Zealot x3, Archon, Shield Battery  
  130  11:56  Shield Battery  
  130  11:57  Photon Cannon  
  135  12:18  Zealot  
  135  12:19  Stalker x8  
  125  12:44  Zealot  
  125  12:45  Zealot x9  
Tags
 
Add a new tag
Caveats
  • Supply blocks, unpowered buildings, or Contaminate may cause inaccurate times.
  • Supply counts are checked every 10 seconds.